 Dungeon Crawl Stone Soup version 0.22.1-6-g1668fe2c40 (webtiles) character file.

562 Kohma the Spear-Bearer (level 7, -2/55 HPs)
             Began as a Merfolk Gladiator on Jan 24, 2019.
             Was a Believer of Yredelemnul.
             Slain by a big kobold
             ... wielding a +2 short sword of protection
              (3 damage)
             ... in a sewer.
             The game lasted 00:14:33 (4779 turns).

Kohma the Spear-Bearer (Merfolk Gladiator)          Turns: 4779, Time: 00:14:33

Health: -2/55      AC:  5    Str: 14    XL:     7   Next: 31%
Magic:  8/8        EV: 15    Int: 10    God:    Yredelemnul [**....]
Gold:   162        SH:  0    Dex: 15    Spells: 6/6 levels left

rFire    . . .     SeeInvis .   p - +0 halberd
rCold    . . .     Gourm    .   (shield currently unavailable)
rNeg     + . .     Faith    .   A - +0 leather armour {rN+}
rPois    .         Spirit   .   x - +0 helmet
rElec    .         Reflect  .   j - +0 cloak
rCorr    .         Harm     .   (no gloves)
MR       .....                  (no boots)
Stlth    +.........             (no amulet)
HPRegen  0.18/turn              (no ring)
MPRegen  0.11/turn              (no ring)

@: injury mirror
A: change form in water, swift swim, stealthy swim
a: Animate Remains, Recall Undead Slaves, Injury Mirror, Renounce Religion


You were in a sewer.
You worshipped Yredelemnul.
Yredelemnul was pleased with you.
You were hungry.

You visited 1 branch of the dungeon, and saw 4 of its levels.
You also visited: Sewer.

You collected 162 gold pieces.

Inventory:

Hand Weapons
 a - a +0 trident
 p - a +0 halberd (weapon)
 u - a +0 blowgun
Missiles
 d - 3 throwing nets (quivered)
 k - 116 stones
 y - 14 poisoned needles
Armour
 j - a +0 cloak (worn)
 x - a +0 helmet (worn)
 A - a +0 leather armour of positive energy (worn)
 C - the +0 cloak of Idealism {-Tele *Corrode +Inv rElec}
   (You found it in a sewer)

   It insulates you from electricity.
   It lets you turn invisible.
   It prevents most forms of teleportation.
   It may corrode you when you take damage.
Jewellery
 g - an uncursed ring of magical power {unknown}
 r - a cursed amulet of inaccuracy {unknown}
 v - a +5 amulet of reflection {unknown}
Scrolls
 e - 4 scrolls of identify {unknown}
 l - 5 scrolls of remove curse {unknown}
 m - 3 scrolls of teleportation {unknown}
 n - 2 scrolls of magic mapping {unknown}
 o - a scroll of enchant weapon {unknown}
 s - a scroll of enchant armour {unknown}
 t - a scroll of random uselessness {unknown}
 B - a scroll of amnesia {unknown}
 D - a scroll of blinking {unknown}
 F - a scroll of immolation {unknown}
Potions
 b - 2 potions of might {unknown}
 h - 2 potions of flight {unknown}
 i - 6 potions of curing {unknown}
 q - a potion of invisibility {unknown}
 w - a potion of cancellation {unknown}
 z - a potion of mutation {unknown}
 E - a potion of agility {unknown}
Comestibles
 f - 6 rations
 G - 7 chunks of flesh


   Skills:
 + Level 4.4 Fighting
 * Level 8.7 Polearms
 - Level 2.0 Throwing
 + Level 6.1 Dodging
 * Level 1.9 Invocations


You had 6 spell levels left.
You didn't know any spells.
Your spell library was empty.

Dungeon Overview and Level Annotations

Branches:
Dungeon (4/15)
 Temple: D:4-7

Altars:
Elyvilon
Xom
Yredelemnul


Message History

Okay, then.
Evoke which item? (* to show all) (? for menu, Esc to quit)
Okay, then.
You hit the big kobold but do no damage.
The big kobold is almost dead.
The big kobold barely misses you.
You miss the big kobold.
The big kobold is almost dead.
The big kobold hits you with a short sword of protection.
* * * LOW HITPOINT WARNING * * *
Yredelemnul mirrors your injury!
The big kobold is almost dead.
You hit the big kobold.
The big kobold is almost dead.
The big kobold hits you but does no damage.
You miss the big kobold.
The big kobold is almost dead.
The big kobold hits you with a short sword of protection.
You die...
Your body rises from the dead as a mindless zombie.

≈≈≈ ≈≈≈ ###
### #!!#!!#
)...! ≈#
##...## ≈#≈#
#..K..#
#≈#≈##.....#
≈#≈#≈###K###
≈≈≈≈≈≈≈.(@.#
≈≈≈≈≈≈...(#
≈≈≈≈≈≈...(##
≈≈≈≈≈#....#
≈≈≈≈≈##....#
≈≈≈≈≈#.....#
≈≈≈≈≈≈.....#
≈≈≈≈≈≈....##
≈≈≈≈≈....##


You could see a big kobold and a kobold.

Vanquished Creatures
  2 big kobolds (Sewer)
  A hound (D:4)
  An orc wizard (D:3)
  Jessica (D:2)
  7 gnolls
  4 river rats (Sewer)
  8 adders
  4 worms
  2 dart slugs
  6 leopard geckos
  4 orcs (D:3)
  7 giant cockroaches
  4 goblins
  10 hobgoblins
  5 jackals
  15 kobolds
  3 quokkas
  5 ball pythons
  16 bats
  6 frilled lizards
  18 rats
129 creatures vanquished.

Vanquished Creatures (collateral kills)
  An adder (Sewer)
  3 kobolds (Sewer)
  2 ball pythons (Sewer)
  5 rats (Sewer)
11 creatures vanquished.

Vanquished Creatures (others)
  An orc wizard (D:3)
  2 adder zombies
  3 ball python zombies (Sewer)
  A hobgoblin skeleton (D:3)
  5 kobold zombies (Sewer)
  An orc zombie (D:3)
  2 rat zombies (Sewer)
  A river rat zombie (Sewer)
16 creatures vanquished.

Grand Total: 156 creatures vanquished

Notes
Turn   | Place    | Note
-------+----------+-------------------------------------------
     0 | D:1      | Kohma the Merfolk Gladiator began the quest for the Orb.
     0 | D:1      | Reached XP level 1. HP: 16/16 MP: 1/1
   217 | D:1      | Reached XP level 2. HP: 22/23 MP: 2/2
   235 | D:1      | Reached skill level 5 in Polearms
   434 | D:1      | Reached XP level 3. HP: 9/28 MP: 3/3
  1177 | D:2      | Found a basalt altar of Yredelemnul.
  1246 | D:2      | Became a worshipper of Yredelemnul the Dark
  1574 | D:2      | Reached XP level 4. HP: 34/34 MP: 4/4
  1589 | D:2      | Reached skill level 6 in Polearms
  1727 | D:2      | Noticed Jessica
  1744 | D:2      | Killed Jessica
  2072 | D:2      | Reached skill level 5 in Dodging
  2072 | D:2      | Reached XP level 5. HP: 40/41 MP: 5/5
  2199 | D:3      | Reached * piety under Yredelemnul
  2596 | D:3      | Found a white marble altar of Elyvilon.
  2596 | D:3      | Found a shimmering altar of Xom.
  2822 | D:3      | Reached skill level 7 in Polearms
  3024 | D:3      | Reached XP level 6. HP: 8/48 MP: 6/6
  4040 | D:4      | Reached ** piety under Yredelemnul
  4180 | D:4      | Found a glowing drain.
  4207 | D:4      | Reached skill level 8 in Polearms
  4217 | Sewer    | Entered a sewer
  4387 | Sewer    | Got an encrusted cloak
  4398 | Sewer    | Identified the +0 cloak of Idealism {-Tele *Corrode +Inv
                  | rElec} (You found it in a sewer)
  4706 | Sewer    | Reached *** piety under Yredelemnul
  4745 | Sewer    | Reached skill level 1 in Invocations
  4745 | Sewer    | Reached XP level 7. HP: 42/55 MP: 6/8
  4775 | Sewer    | HP: 1/55 [big kobold/short sword of protection (9)]
  4779 | Sewer    | Slain by a big kobold

Skill      XL: |  1  2  3  4  5  6 |
---------------+-------------------+-----
Polearms       | 5 6 7 8 |  8.7
Fighting       | 3 4 |  4.4
Dodging        | 5 6 |  6.1
Invocations    | 1 |  1.9
Throwing       | |  2.0

Action                   |  1- 3 |  4- 6 |  7- 9 || total
-------------------------+-------+-------+-------++-------
Melee: Trident           |    60 |       |       ||    60
       Halberd           |    42 |   277 |    29 ||   348
       Tailslap          |       |     2 |       ||     2
Invok: Animate Remains   |       |    15 |       ||    15
       Animate Dead      |       |     1 |     1 ||     2
       Injury Mirror     |       |       |     1 ||     1
  Use: Potion            |       |       |     1 ||     1
 Stab: Sleeping          |     3 |     5 |       ||     8
  Eat: Chunk             |     2 |    12 |       ||    14
       Ration            |       |     1 |       ||     1
Armor: Leather armour    |    25 |    62 |     7 ||    94
Dodge: Dodged            |    65 |   244 |    29 ||   338
